 Dungeon Crawl Stone Soup version 0.23.2-43-g5aa5405057 (webtiles) character file.

Game seed: 2854466681241738840

43837 Chiseanne the Warrior (level 13, -15/80 HPs)
             Began as a Spriggan Hunter on Oct 17, 2019.
             Was an Initiate of Gozag.
             Killed from afar by an ice dragon (81 damage)
             ... with a blast of cold
             ... on level 2 of the Lair of Beasts on Feb 15, 2020.
             The game lasted 01:45:59 (28658 turns).

Chiseanne the Warrior (Spriggan Hunter)            Turns: 28658, Time: 01:46:00

Health: -15/80     AC:  5    Str:  8    XL:     13   Next: 93%
Magic:  22/22      EV: 28    Int: 27    God:    Gozag
Gold:   724        SH: 13    Dex: 28    Spells: 18/23 levels left

rFire    + + .     SeeInvis +   w - +7 hunting sling of Mutilation {venom, rPois rC- Int+9}
rCold    x . .     Gourm    .   z - +3 buckler
rNeg     + + +     Faith    .   d - +2 robe of Divine Intervention {rF++ rN+++ Int-2}
rPois    +         Spirit   .   L - +1 hat {Int+3}
rElec    .         Reflect  .   (no cloak)
rCorr    .         Harm     .   (gloves unavailable)
MR       ++...                  (boots unavailable)
Stlth    +++++++...             C - amulet of Voqueb {RegenMP Int+3 Dex+4 Stlth+}
HPRegen  0.23/turn              K - +4 ring of dexterity
MPRegen  0.43/turn              (no ring)

@: gold aura, studying Fighting, very quick
A: very small, unfitting armour, see invisible, herbivore, speed 3, slow
metabolism 2
a: Potion Petition, Call Merchant, Bribe Branch, Renounce Religion


You were on level 2 of the Lair of Beasts.
You worshipped Gozag.
Gozag was pleased with you.
You were not hungry.

You visited 4 branches of the dungeon, and saw 16 of its levels.
You also visited: Ossuary and Bailey.

You collected 5711 gold pieces.
You spent 2915 gold pieces at shops.
You paid 2072 gold pieces to Gozag.

Inventory:

Hand Weapons
 a - a +6 quick blade
 p - the +3 short sword of Bohal {antimagic, rF+ Str-5 Dex+5}
   (You found it on level 11 of the Dungeon)

   It reduces the magical energy of the wielder, and disrupts the spells and
   magical abilities of those hit.
   Natural abilities and divine invocations are not affected.
   It affects your strength (-5).
   It affects your dexterity (+5).
   It protects you from fire.
 s - the +3 rapier of Udohou {pierce, rF+}
   (You bought it in a shop on level 9 of the Dungeon)

   It inflicts extra damage upon your enemies.
   It protects you from fire.
 w - the +7 hunting sling of Mutilation (weapon) {venom, rPois rC- Int+9}
   (You bought it in a shop on level 9 of the Dungeon)

   It poisons the ammo it fires.
   It affects your intelligence (+9).
   It makes you vulnerable to cold.
   It protects you from poison.
 M - a +5 dagger of holy wrath
Missiles
 h - 198 stones (quivered)
 i - 30 tomahawks
 k - 221 arrows
 m - 46 poisoned needles
 n - 6 needles of confusion
 D - 6 silver tomahawks
 G - 46 bolts
 I - 3 throwing nets
Armour
 d - the +2 robe of Divine Intervention (worn) {rF++ rN+++ Int-2}
   (You found it on level 4 of the Dungeon)

   It affects your intelligence (-2).
   It greatly protects you from fire.
   It renders you almost immune to negative energy.
 z - a +3 buckler (worn)
 L - a +1 hat of intelligence (worn)
Jewellery
 b - the ring "Raeji" {-Tele rPois rF+ Int-4 Dex+8}
   (You found it on level 4 of the Dungeon)

   [ring of poison resistance]

   It affects your intelligence (-4).
   It affects your dexterity (+8).
   It protects you from fire.
   It protects you from poison.
   It prevents most forms of teleportation.
 r - the ring of Shadows {Umbra +Inv Stlth+}
   (You took it off a crimson imp on level 10 of the Dungeon)

   [ring of stealth]

   It lets you turn invisible.
   It makes you more stealthy.
 y - the ring "Pakkauh" {rPois rF+ rC- Dex+3}
   (You found it on level 10 of the Dungeon)

   [ring of poison resistance]

   It affects your dexterity (+3).
   It protects you from fire.
   It makes you vulnerable to cold.
   It protects you from poison.
 A - an uncursed ring of resist corrosion
 C - the amulet of Voqueb (around neck) {RegenMP Int+3 Dex+4 Stlth+}
   (You bought it in a shop on level 7 of the Dungeon)

   [amulet of magic regeneration]

   It increases your magic regeneration.
   It affects your intelligence (+3).
   It affects your dexterity (+4).
   It makes you more stealthy.
 K - a +4 ring of dexterity (left hand)
Wands
 c - a wand of flame (10)
 j - a wand of iceblast (4)
 H - a wand of polymorph (13)
Scrolls
 u - 4 scrolls of remove curse
 v - 4 scrolls of teleportation
 B - a scroll of immolation
 E - 2 scrolls of amnesia
 J - a scroll of blinking
 N - 9 scrolls of identify
 O - a scroll of fog
 P - a scroll of magic mapping
Potions
 e - a potion of mutation
 l - 4 potions of lignification
 o - 6 potions of curing
 q - a potion of resistance
 t - a potion of flight
 x - 4 potions of brilliance
 F - a potion of invisibility
Books
 g - a manual of Fighting
Comestibles
 f - 11 rations


   Skills:
 - Level 15.1 Fighting
 - Level 8.0 Short Blades
 - Level 9.3 Throwing
 - Level 9.0 Dodging
 - Level 12.2 Stealth
 - Level 9.0 Shields
 * Level 5.8 Spellcasting
 * Level 1.9 Conjurations
 * Level 4.0 Translocations
 * Level 2.4 Air Magic
 * Level 2.6 Poison Magic


You had 18 spell levels left.
You knew the following spells:

 Your Spells              Type           Power        Failure   Level  Hunger
a - Blink                 Tloc           N/A          1%          2    None
b - Mephitic Cloud        Conj/Pois/Air  ###.....     8%          3    None

Your spell library contained the following spells:

 Spells                   Type           Power        Failure   Level  Hunger
 Magic Dart               Conj           ###.         3%          1    None
 Corona                   Hex            #......      7%          1    None
 Portal Projectile        Hex/Tloc       ###...       9%          3    None
 Call Imp                 Summ           #.......     10%         2    None
 Slow                     Hex            #.......     10%         2    None
 Conjure Flame            Conj/Fire      ##......     13%         3    None
 Inner Flame              Hex/Fire       #.......     21%         3    None
 Cause Fear               Hex            #.........   54%         4    ###....
 Leda's Liquefaction      Hex/Erth       #.........   54%         4    ###....


Dungeon Overview and Level Annotations

Branches:
Dungeon (11/15)            Temple (1/1) D:5            Lair (2/6) D:8
    Orc (2/2) D:9             Elf (0/3) Orc:2
  Swamp: Lair:2-4    Shoals: Lair:2-4     Snake: Lair:2-4    Spider: Lair:2-4

Altars:
Ashenzari
Cheibriados
Dithmenos
Elyvilon
Fedhas
Gozag
Hepliaklqana
Kikubaaqudgha
Makhleb
Nemelex Xobeh
Okawaru
Qazlal
Ru
Sif Muna
Trog
Uskayaw
Vehumet
Wu Jian
Xom
Yredelemnul
Zin
The Shining One
Beogh

Shops:
D:4 ?   D:7 =   D:8 (   D:9 }(%   Orc:2 [?}?

Portals:
Pandemonium: Orc:2

Annotations:
D:3 3 runed translucent doors, Cykl0x's ghost, amateur FoFi
Orc:2 exclusion: upstairs


Innate Abilities, Weirdness & Mutations

You are very small and have problems with some larger weapons.
You are too small for most types of armour.
You have supernaturally acute eyesight. (SInv)
You are a herbivore.
You cover ground extremely quickly.
You need to consume almost no food.


Message History

You shoot a stone.
The stone hits the ice beast but does no damage.
The ice beast looks even sicker.
The ice beast is heavily wounded.
Firing (i - inventory. (/) - cycle)
h - 200 stones (quivered)
Press: ? - help, Shift-Dir - straight line, f/p - ice beast
Aim: an ice beast (heavily wounded, poisoned)
You shoot a stone. The stone hits the ice beast.
The ice beast is severely wounded.
Firing (i - inventory. (/) - cycle)
h - 199 stones (quivered)
Press: ? - help, Shift-Dir - straight line, f/p - ice beast
Aim: an ice beast (severely wounded, poisoned)
You shoot a stone. The stone hits the ice beast!
You kill the ice beast!
Your Translocations skill increases to level 4!
The ice dragon breathes frost at you. The blast of cold hits you!!!!
You feel a terrible chill!
Ouch! That really hurt!
You die...
Your body crumbles into a pile of gold.

##.##.##P#..# ..##
.#.##.#..#..#### ..P#
.....>.......... ...#
..Y.P..####.##.##..
.#.(..## #P..#.#.#
.##D### #..##..# .
#..# ##.#...# #
.##.######.#.#.###.#
.P........###...@..#
...#.((..D.#D#<#..#..#
.#.#.....((....#### #
......P###..$###
......## #..##
.#.P...###..#
....#.#.....#
####.#.###### ###.##


You could see an ice dragon.

Vanquished Creatures
  Gastronok (Lair:2)
  An orc warlord (D:9)
  3 hydras
  3 two-headed ogres
  10 orc high priests
  A sun demon (Orc:2)
  A sixfirhy (Orc:2)
  An infernal demonspawn (Orc:2)
  A gelid demonspawn (Orc:2)
  A torturous demonspawn (Orc:2)
  7 orc knights
  3 orc sorcerers
  A manticore (D:8)
  A black mamba (Lair:1)
  A gargoyle (D:11)
  An orange demon (Orc:2)
  5 spiny frogs
  A kobold demonologist (D:10)
  A komodo dragon (Lair:1)
  A red devil (Orc:2)
  A queen bee (D:11)
  3 hornets
  7 trolls
  3 blink frogs (Lair:1)
  5 hippogriffs
  2 wraiths
  3 fire bats (Orc:1)
  2 wyverns
  21 yaks
  4 hungry ghosts (D:10)
  8 centaurs
  A vampire mosquito (D:10)
  3 water moccasins
  4 wargs
  A two-headed ogre zombie (D:9)
  A porcupine (Lair:1)
  An eye of draining (D:10)
  37 orc warriors
  6 ice beasts
  A sky beast (D:10)
  A black bear (D:9)
  A necrophage (D:10)
  7 phantoms
  12 ogres
  A wolf (D:9)
  A boggart (D:10)
  5 crocodiles
  A big kobold (D:7)
  A gnoll sergeant (D:9)
  5 bullfrogs
  A water moccasin zombie (D:7)
  18 killer bees
  8 wights
  5 crimson imps
  A howler monkey (D:9)
  A quasit (D:10)
  5 hounds
  6 jellies
  2 bullfrog skeletons
  28 orc priests
  9 orc wizards
  Jessica (D:3)
  An iguana (D:7)
  11 worker ants
  7 ogre zombies (D:9)
  2 mummies
  A howler monkey zombie (D:10)
  12 gnolls (D:9)
  11 adders
  A howler monkey skeleton (D:4)
  A river rat (D:8)
  5 shadow imps
  An ooze (D:2)
  2 adder skeletons
  2 worms
  4 leopard geckos
  67 orcs
  4 bats
  11 giant cockroaches
  2 goblins
  6 hobgoblins
  27 jackals
  7 quokkas
  A ball python (D:4)
  3 frilled lizards
  A giant cockroach zombie (D:6)
  6 gnoll skeletons (Ossuary)
  2 goblin zombies (D:9)
  4 hobgoblin skeletons (D:9)
  4 hobgoblin zombies (D:9)
  11 kobolds
  3 kobold skeletons (Ossuary)
  A leopard gecko skeleton (D:5)
  17 orc skeletons
  14 orc zombies (D:9)
531 creatures vanquished.

Vanquished Creatures (collateral kills)
  4 orc warriors (Bailey)
  2 centaurs (Bailey)
  14 orcs (Bailey)
20 creatures vanquished.

Vanquished Creatures (others)
  An orc warrior (Bailey)
  A gnoll shaman (D:9)
  2 orcs (Bailey)
  4 fungi
  2 plants (Lair:1)
10 creatures vanquished.

Grand Total: 561 creatures vanquished

Notes
Turn   | Place    | Note
-------+----------+-------------------------------------------
     0 | D:1      | Chiseanne the Spriggan Hunter began the quest for the Orb.
     0 | D:1      | Reached XP level 1. HP: 10/10 MP: 2/2
   526 | D:1      | Reached XP level 2. HP: 15/15 MP: 3/3
  1195 | D:1      | Reached skill level 2 in Fighting
  1214 | D:1      | Reached XP level 3. HP: 18/18 MP: 4/4
  1692 | D:2      | Reached XP level 4. HP: 23/23 MP: 5/5
  1983 | D:2      | Found a burning altar of Makhleb.
  2069 | D:2      | Found a hide-covered altar of Uskayaw.
  2144 | D:2      | Found a blossoming altar of Fedhas.
  2256 | D:2      | You fall through a shaft for 2 floors!
  2531 | D:4      | Reached skill level 5 in Throwing
  2897 | D:3      | Noticed Jessica
  2900 | D:3      | Killed Jessica
  2900 | D:3      | Reached XP level 5. HP: 24/27 MP: 6/6
  3392 | D:3      | Found a runed translucent gate.
  3393 | D:3      | Found a runed translucent gate.
  3394 | D:3      | Found a runed translucent gate.
  3395 | D:3      | Identified the +3 whip of the Vestibule of Hell {elec,
                  | rElec Int+5 Dex-2}
  3411 | D:3      | Noticed Cykl0x's ghost (amateur FoFi)
  3549 | D:4      | Found an ancient bone altar of Kikubaaqudgha.
  3669 | D:4      | Noticed a hippogriff
  3706 | D:4      | Killed a hippogriff
  3706 | D:4      | Reached skill level 5 in Dodging
  3706 | D:4      | Reached skill level 5 in Stealth
  3706 | D:4      | Reached XP level 6. HP: 32/32 MP: 7/7
  3892 | D:4      | Found Tewkyxt's Magic Scroll Emporium.
  3966 | D:4      | Got a silken robe
  3971 | D:4      | Identified the +2 robe of Divine Intervention {rF++ rN+++
                  | Int-2} (You found it on level 4 of the Dungeon)
  4046 | D:4      | Got a vibrating marble ring
  4133 | D:4      | Reached skill level 3 in Fighting
  4133 | D:4      | Reached XP level 7. HP: 36/36 MP: 8/8
  4426 | D:5      | Entered Level 5 of the Dungeon
  4448 | D:5      | Noticed a hippogriff
  4899 | D:5      | Killed a hippogriff
  4899 | D:5      | Reached XP level 8. HP: 36/40 MP: 9/9
  5038 | D:5      | Found a staircase to the Ecumenical Temple.
  5046 | Temple   | Entered the Ecumenical Temple
  5100 | Temple   | Became a worshipper of Gozag Ym Sagoz the Greedy
  5481 | D:5      | Found a hazy altar of Hepliaklqana.
  5587 | D:6      | Identified the ring "Raeji" {-Tele rPois rF+ Int-4 Dex+8}
                  | (You found it on level 4 of the Dungeon)
  5593 | D:6      | Found a sand-covered staircase.
  5610 | Ossuary  | Entered an ossuary
  7577 | D:6      | Found a sacrificial altar of Ru.
  7577 | D:6      | Found an ornate altar of the Wu Jian Council.
  7577 | D:6      | Found a shattered altar of Ashenzari.
  7577 | D:6      | Found a sparkling altar of Nemelex Xobeh.
  7589 | D:6      | Found a shadowy altar of Dithmenos.
  7592 | D:6      | Found a basalt altar of Yredelemnul.
  7635 | D:7      | Reached skill level 4 in Fighting
  8169 | D:7      | Reached skill level 10 in Stealth
  8193 | D:7      | Reached XP level 9. HP: 18/45 MP: 10/10
  8942 | D:7      | Found an iron altar of Okawaru.
  9422 | D:7      | Bought a cursed ring of teleportation for 72 gold pieces
  9497 | D:8      | Found a flagged portal.
  9501 | D:8      | Noticed a death yak
  9519 | Bailey   | Entered a bailey
 10752 | Bailey   | Reached skill level 5 in Fighting
 11730 | Bailey   | Identified a scroll of acquirement
 11783 | Bailey   | Reached XP level 10. HP: 51/51 MP: 11/11
 12034 | D:8      | Noticed a death yak
 12110 | D:8      | Reached skill level 6 in Fighting
 12272 | D:8      | Noticed a manticore
 12279 | D:8      | Killed a manticore
 12279 | D:8      | Reached skill level 7 in Fighting
 12483 | D:8      | Noticed a death yak
 13135 | D:9      | Reached skill level 8 in Fighting
 13271 | D:8      | Bought 15 sling bullets for 120 gold pieces
 13403 | D:9      | Found a staircase to the Orcish Mines.
 13489 | D:9      | Reached skill level 9 in Fighting
 14286 | D:9      | Found Ved Seytt's Gadget Boutique.
 14398 | D:8      | Reached skill level 10 in Fighting
 15046 | D:9      | Learned a level 2 spell: Blink
 15050 | D:9      | Learned a level 3 spell: Mephitic Cloud
 15122 | D:9      | Reached skill level 11 in Fighting
 15364 | D:9      | Found Zill's Food Boutique.
 15784 | D:9      | Found a deep blue altar of Sif Muna.
 15929 | D:10     | Entered Level 10 of the Dungeon
 16047 | D:10     | Noticed a two-headed ogre
 16106 | D:10     | Reached XP level 11. HP: 66/66 MP: 12/12
 16162 | D:10     | Reached skill level 12 in Fighting
 16217 | D:9      | Bought an ancient rapier for 252 gold pieces
 16217 | D:9      | Bought a transparent hunting sling for 182 gold pieces
 16218 | D:9      | Identified the +3 rapier of Udohou {pierce, rF+} (You
                  | bought it in a shop on level 9 of the Dungeon)
 16221 | D:9      | Identified the +7 hunting sling of Mutilation {venom, rPois
                  | rC- Int+9} (You bought it in a shop on level 9 of the
                  | Dungeon)
 16261 | D:10     | Killed a two-headed ogre
 16629 | D:10     | Noticed a two-headed ogre
 16895 | D:10     | Reached skill level 13 in Fighting
 16906 | D:10     | Identified the cursed +2 rapier "Mine" {drain, *Rage Str+5}
 16952 | D:10     | Killed a two-headed ogre
 17389 | D:10     | Got a sparkling amber ring
 17475 | D:10     | Reached skill level 14 in Fighting
 17991 | D:10     | Identified the ring "Pakkauh" {rPois rF+ rC- Dex+3} (You
                  | found it on level 10 of the Dungeon)
 18027 | D:9      | Bought a glowing quick blade for 504 gold pieces
 18051 | D:11     | Noticed a two-headed ogre
 18055 | D:11     | Killed a two-headed ogre
 18243 | D:4      | Bought a scroll of enchant weapon for 97 gold pieces
 18805 | D:11     | Reached skill level 15 in Fighting
 18850 | D:11     | Got a jewelled short sword
 18869 | D:11     | Noticed a purple ugly thing
 18874 | D:11     | Upgraded the game from 0.23.2-40-g277498a001 to
                  | 0.23.2-42-gf373564dc4
 18874 | D:11     | Upgraded the game from 0.23.2-42-gf373564dc4 to
                  | 0.23.2-43-g5aa5405057
 19379 | D:11     | Reached skill level 1 in Shields
 19764 | D:11     | Noticed a skeletal warrior
 19968 | D:4      | Bought a scroll of summoning for 123 gold pieces
 19968 | D:4      | Bought a scroll of magic mapping for 45 gold pieces
 19970 | D:4      | Identified the cursed +3 short sword of Bohal {antimagic,
                  | rF+ Str-5 Dex+5} (You found it on level 11 of the Dungeon)
 20171 | Orc:1    | Entered Level 1 of the Orcish Mines
 20171 | Orc:1    | Noticed an orc knight
 20260 | D:9      | Killed an orc knight
 20260 | D:9      | Reached skill level 1 in Short Blades
 20627 | Orc:1    | Found a dark tunnel.
 20655 | Orc:1    | Reached XP level 12. HP: 52/76 MP: 13/13
 20736 | Orc:1    | Noticed an orc warlord
 20833 | D:9      | Killed an orc warlord
 21290 | Orc:1    | Found a roughly hewn altar of Beogh.
 21366 | Orc:1    | Paralysed by an orc sorcerer for 5 turns
 21829 | Orc:1    | Found a roughly hewn altar of Beogh.
 21980 | Orc:2    | Entered Level 2 of the Orcish Mines
 21980 | Orc:2    | Found a staircase to the Elven Halls.
 22005 | Orc:2    | Reached skill level 5 in Short Blades
 22200 | Orc:2    | Reached skill level 5 in Shields
 22702 | D:7      | Bought the amulet of Voqueb {RegenMP Int+3 Dex+4 Stlth+}
                  | for 872 gold pieces
 22855 | D:4      | Bought a scroll of blinking for 97 gold pieces
 22855 | D:4      | Bought a scroll of enchant armour for 97 gold pieces
 23090 | Orc:1    | Noticed an orc high priest
 23108 | Orc:1    | Killed an orc high priest
 23688 | Orc:2    | Found Ustrargh's Magic Scroll Shoppe.
 23826 | Orc:2    | Found Cieczy's Magic Scroll Emporium.
 24372 | Orc:2    | Bought a scroll of identify for 32 gold pieces
 24372 | Orc:2    | Bought a scroll of identify for 32 gold pieces
 24372 | Orc:2    | Bought a scroll of identify for 32 gold pieces
 24372 | Orc:2    | Bought a scroll of identify for 32 gold pieces
 24372 | Orc:2    | Bought a scroll of fog for 32 gold pieces
 24372 | Orc:2    | Bought a scroll of magic mapping for 56 gold pieces
 24372 | Orc:2    | Bought 3 scrolls of identify for 96 gold pieces
 24374 | Orc:2    | Bought a scroll of enchant weapon for 112 gold pieces
 24374 | Orc:2    | Bought a scroll of identify for 30 gold pieces
 24388 | Orc:2    | Noticed an orc high priest
 24388 | Orc:2    | Noticed an orc high priest
 24388 | Orc:2    | Noticed an orc high priest
 24414 | Orc:2    | Killed an orc high priest
 24540 | Orc:2    | Noticed an orc high priest
 24750 | Orc:2    | Killed an orc high priest
 24779 | Orc:2    | Reached skill level 1 in Spellcasting
 24856 | Orc:2    | Reached XP level 13. HP: 59/80 MP: 14/16
 26035 | Orc:2    | Found Tyuxkol's Gadget Boutique.
 26035 | Orc:2    | Found Keblair's Antique Armour Shop.
 26035 | Orc:2    | Found a one-way gate leading to the halls of Pandemonium.
 26491 | D:8      | Found a staircase to the Lair.
 26677 | Lair:1   | Entered Level 1 of the Lair of Beasts
 27530 | Lair:1   | Reached skill level 1 in Translocations
 27604 | Lair:1   | Reached skill level 1 in Poison Magic
 27619 | Lair:1   | Reached skill level 1 in Air Magic
 27782 | Lair:1   | Reached skill level 5 in Spellcasting
 27782 | Lair:1   | Reached skill level 1 in Conjurations
 28485 | Lair:2   | Noticed Gastronok
 28521 | Lair:2   | Killed Gastronok
 28658 | Lair:2   | Killed from afar by an ice dragon

Skill      XL: |  1  2  3  4  5  6  7  8  9 10 11 12 13 |
---------------+----------------------------------------+-----
Fighting       | 2 3 4 5 11 15 | 15.1
Stealth        | 2 3 5 6 7 10 12 | 12.2
Dodging        | 4 5 6 7 9 |  9.0
Throwing       | 5 6 8 9 |  9.3
Shields        | 2 6 9 |  9.0
Short Blades   | 2 8 |  8.0
Spellcasting   | 1 5 |  5.8
Translocations | 4 |  4.0
Poison Magic   | 2 |  2.6
Air Magic      | 2 |  2.4
Conjurations   | 1 |  1.9

Action                   |  1- 3 |  4- 6 |  7- 9 | 10-12 | 13-15 || total
-------------------------+-------+-------+-------+-------+-------++-------
Melee: Short sword       |    77 |    71 |       |       |       ||   148
       Dagger            |       |    36 |   424 |   343 |       ||   803
       Quick blade       |       |       |       |   458 |    63 ||   521
       Rapier            |       |       |       |   109 |       ||   109
 Fire: Hunting sling     |       |       |   365 |   539 |   509 ||  1413
Throw: Tomahawk          |    75 |    93 |   142 |    27 |       ||   337
       Throwing net      |     1 |     4 |       |       |       ||     5
       Stone             |       |     5 |    27 |    15 |       ||    47
Invok: Call Merchant     |       |       |     1 |     2 |       ||     3
       Potion Petition   |       |       |       |     1 |       ||     1
Evoke: Wand              |       |     5 |    25 |    13 |     8 ||    51
  Use: Scroll            |     3 |     6 |    20 |    18 |       ||    47
       Potion            |       |       |    10 |     8 |       ||    18
 Stab: Held in net/web   |       |     3 |       |       |       ||     3
       Sleeping          |       |     4 |    15 |    40 |     1 ||    60
       Distracted        |       |       |     2 |    15 |       ||    17
  Eat: Ration            |       |       |     5 |    12 |       ||    17
Armor: Robe              |     7 |    18 |    24 |    32 |     2 ||    83
Dodge: Dodged            |    93 |    92 |   433 |   834 |    84 ||  1536
Block: Buckler           |       |       |       |   129 |    84 ||   213
